 Dungeon Crawl Stone Soup version 0.27-a0-1202-ge72e49191c (webtiles) character file.

Game seed: 6397168968795402252

103 Tef the Sneak (level 4, -2/21 HPs)
             Began as a Spriggan Enchanter on June 4, 2021.
             Slain by a mummy (15 damage)
             ... in an ossuary.
             The game lasted 00:11:14 (3609 turns).

Tef the Sneak (Spriggan Enchanter)                  Turns: 3609, Time: 00:11:14

Health: -2/21      AC:  3    Str:  4    XL:     4   Next: 51%
Magic:  9/9        EV: 17    Int: 16    God:
Gold:   140        SH:  0    Dex: 16    Spells: 5/8 levels left

rFire    + . .     SeeInvis +   h - +3 dagger (vamp)
rCold    + . .     Faith    .   (shield restricted)
rNeg     . . .     Spirit   .   b - +1 robe
rPois    .         Reflect  .   (helmet restricted)
rElec    .         Harm     .   t - scarf {rC+ rF+}
rCorr    .         Rampage  .   (gloves unavailable)
Will     +....                  (boots unavailable)
Stlth    +++.......             i - amulet of regeneration
HPRegen  1.07/turn              (no ring)
MPRegen  0.11/turn              (no ring)

@: very quick
A: very small, no large weapons, unfitting armour, see invisible, speed 3,
strong-willed 1
a: no special abilities


You were in an ossuary.
You visited 1 branch of the dungeon, and saw 4 of its levels.
You also visited: Ossuary.

You collected 140 gold pieces.

Inventory:

Hand Weapons
 a - a +1 dagger
 h - a +3 vampiric dagger (weapon)
 l - a +1 dagger of draining
Missiles
 f - 13 poisoned darts
Armour
 b - a +1 robe (worn)
 t - a scarf of resistance (worn)
Jewellery
 i - an amulet of regeneration (around neck)
 o - an amulet of magic regeneration
 u - a ring of wizardry
Scrolls
 c - 4 scrolls of identify
 d - a scroll of noise
 j - 3 scrolls of blinking
 p - a scroll of enchant weapon
Potions
 m - 2 potions of brilliance
 n - a potion of heal wounds
 q - a potion of berserk rage {unknown}
 r - a potion of might {unknown}
 s - a potion of cancellation {unknown}


   Skills:
 + Level 2.9 Short Blades
 - Level 2.6 Dodging
 + Level 6.0 Stealth
 - Level 2.6 Spellcasting
 + Level 4.7 Hexes


You had 5 spell levels left.
You knew the following spells:

 Your Spells              Type           Power      Damage    Failure   Level
a - Corona                Hex            18%        N/A       2%          1
b - Ensorcelled Hibernat  Hex/Ice        18%        N/A       11%         2

Your spell library contained the following spells:

 Spells                   Type           Power      Damage    Failure   Level
 Confusing Touch          Hex            17%        N/A       9%          3
 Tukima's Dance           Hex            17%        N/A       9%          3
 Sandblast                Erth           4%         2d4       19%         1
 Dazzling Flash           Conj/Hex       18%        N/A       22%         3
 Passwall                 Tmut/Erth      1%         N/A       28%         2
 Stone Arrow              Conj/Erth      4%         3d7       50%         3
 Petrify                  Tmut/Erth      2%         N/A       88%         4
 Lee's Rapid Deconstruct  Erth           1%         3d5*      99%         5


Dungeon Overview and Level Annotations

Branches:
Dungeon (4/15)            Ossuary (1/1)
 Temple: D:4-7

Altars:


Innate Abilities, Weirdness & Mutations

You are very small and have problems with some larger weapons.
You are too small for most types of armour.
You have supernaturally acute eyesight. (SInv)
You cover ground extremely quickly. (Speed+++)
You are strong-willed. (Will+)


Message History

You hit the mummy.
The mummy is lightly damaged.
The mummy misses you.
You hit the mummy.
The mummy is moderately damaged.
You closely miss the mummy.
The mummy is moderately damaged.
The mummy hits you but does no damage.
You hit the mummy.
The mummy is heavily damaged.
You hit the mummy.
The mummy is heavily damaged.
The mummy completely misses you.
You hit the mummy.
The mummy is heavily damaged.
You hit the mummy.
The mummy is severely damaged.
You hit the mummy but do no damage.
The mummy is severely damaged.
The mummy closely misses you.
You barely miss the mummy.
The mummy is severely damaged.
You hit the mummy but do no damage.
The mummy is severely damaged.
The mummy closely misses you.
You hit the mummy.
The mummy is severely damaged.
You barely miss the mummy.
The mummy is severely damaged.
The mummy barely misses you.
You hit the mummy.
The mummy is severely damaged.
The mummy hits you!
You hit the mummy.
The mummy is almost destroyed.
You barely miss the mummy.
The mummy is almost destroyed.
The mummy hits you!
Ouch! That really hurt!
You die...

......∩∩.........#
.................#
##############...#
#...# #...# #...#
#...# #...# #...#
#...# ....+####...#
#...######.∩.....#...#
#...#.??!#.......#...#
#...#@# #.Z.....#...#
#...#M####M......#...#
#...#ZZ.ZZ..Z....#...#
#...#Z####Z.####.#...#
#...#Z# #^.# #...#
#...#.. #^.# #...#
#...######..######...#
#....................#
#........8..8........#


You could see a mummy, a hobgoblin zombie, an orc zombie, an elf zombie and a
human zombie.

Vanquished Creatures
  A mummy (Ossuary)
  2 adders
  An adder zombie (Ossuary)
  2 dart slugs (D:1)
  An orc (D:3)
  4 endoplasms
  4 giant cockroaches
  7 goblins
  4 hobgoblins
  3 jackals (D:2)
  2 quokkas
  2 bats
  6 frilled lizards
  10 hobgoblin zombies (Ossuary)
  4 kobolds
  8 kobold zombies (Ossuary)
  4 orc zombies (Ossuary)
  5 rats
70 creatures vanquished.

Vanquished Creatures (others)
  A demonic plant (D:1)
1 creature vanquished.

Grand Total: 71 creatures vanquished

Notes
Turn   | Place    | Note
-------+----------+-------------------------------------------
     0 | D:1      | Tef the Spriggan Enchanter began the quest for the Orb.
     0 | D:1      | Reached XP level 1. HP: 9/9 MP: 5/5
   211 | D:1      | Reached XP level 2. HP: 13/13 MP: 6/6
   699 | D:1      | Learned a level 2 spell: Ensorcelled Hibernation
   743 | D:1      | Found a faded altar of an unknown god.
   774 | D:1      | Reached skill level 5 in Stealth
  1687 | D:2      | Reached XP level 3. HP: 11/16 MP: 8/8
  2854 | D:3      | Reached XP level 4. HP: 21/21 MP: 9/9
  3294 | D:4      | Noticed a scorpion
  3302 | D:4      | Found a sand-covered staircase.
  3319 | Ossuary  | Entered an ossuary
  3569 | Ossuary  | Gained mutation: You are strong-willed. (Will+) [potion of
                  | mutation]
  3592 | Ossuary  | Reached skill level 6 in Stealth
  3609 | Ossuary  | Slain by a mummy

Illustrated notes

Levels and vault maps discovered:
D:1:      dpeg_arrival_shrine, layout_loops_ring, shapermc_ecumenical_altar_gd
D:2:      layout_basic, minmay_misc_feat_x, minivault_19
D:3:      layout_basic, dk_noncrumbling_4
D:4:      layout_cave_pools, zin_statuary, nicolae_ossuary_entry_monument
Ossuary:  ossuary_tomb_1

Skill      XL: |  1  2  3  4 |
---------------+-------------+-----
Hexes          | 4 |  4.7
Stealth        | 5 6 |  6.0
Short Blades   | 2 |  2.9
Dodging        | |  2.6
Spellcasting   | |  2.6

Action                   |  1- 3 |  4- 6 || total
-------------------------+-------+-------++-------
Melee: Dagger            |   163 |   132 ||   295
 Cast: Corona            |     1 |     1 ||     2
  Use: Scroll            |       |     7 ||     7
       Potion            |       |     5 ||     5
 Stab: Sleeping          |    10 |     4 ||    14
Armor: Robe              |    12 |    14 ||    26
Dodge: Dodged            |    98 |    82 ||   180

Table legend: (Time is in decaauts)
 A = Elapsed time spent in this place.
 B = Non-inter-level travel time spent in this place.
 C = Inter-level travel time spent in this place.
 D = Time resting spent in this place.
 E = Time spent auto-exploring this place.
 F = Levels seen in this place.
 G = Mean time per level.
                   A        B        C        D        E       F      G
               +--------+--------+--------+--------+--------+-----+--------+
         Total |   2768 |   2739 |     29 |    762 |   1337 |   5 |  553.6 |
       Dungeon |   2527 |   2498 |     29 |    762 |   1257 |   4 |  631.8 |
       Ossuary |    240 |    240 |      0 |      0 |     80 |   1 |  240.0 |
               +--------+--------+--------+--------+--------+-----+--------+

Top non-repeatable levels by time:
     D:1: 1325 daAuts
     D:2: 714 daAuts
     D:3: 407 daAuts
 Ossuary: 240 daAuts
     D:4: 79 daAuts
